 Dungeon Sprint DCSS version 0.21.0-24-g2553a33 (webtiles) character file.

12400000 letownia2 the Conqueror (level 27, -49/273 HPs)
             Began as a Ghoul Fighter on Jan 21, 2018.
             Was the Champion of Makhleb.
             Annihilated by a fleshlord
             ... wielding a +9 great mace
              (249 damage)
             ... in the Dungeon (Sprint VIII: "Arena of Blood").
             The game lasted 00:04:09 (124 turns).

letownia2 the Conqueror (Ghoul Fighter)              Turns: 124, Time: 00:04:10

Health: -49/273    AC: 13    Str: 24    XL:     27
Magic:  46/53      EV: 30    Int:  3    God:    Makhleb [******]
Gold:   0          SH:  0    Dex: 17    Spells: 80/80 levels left

rFire    + . .     SeeInvis .   l - +∞ Axe of Woe
rCold    + . .     Gourm    .   (shield currently unavailable)
rNeg     + + +     Faith    .   b - +0 scale mail
rPois    ∞         Spirit   .   (no helmet)
rElec    .         Reflect  .   (no cloak)
rCorr    .         Harm     .   (no gloves)
MR       ++...     NoTele   +   (no boots)
Stlth    ++++++++..             (no amulet)
HPRegen  0.00/turn              m - ring of protection from fire
MPRegen  0.33/turn              (no ring)

@: rotting, slowed, very slow
A: rotting body, claws 1, carnivore, cold resistance 1, negative energy
resistance 3, inhibited regeneration, torment resistance, unbreathing
a: Minor Destruction, Lesser Servant of Makhleb, Major Destruction, Greater
Servant of Makhleb, Renounce Religion


You were in the Dungeon.
You worshipped Makhleb.
Makhleb was exalted by your worship.
You were not hungry.

You visited 1 branch

Inventory:

Hand Weapons
 a - a +0 war axe
 l - the +∞ Axe of Woe (weapon)
   (You found it in the Dungeon)
Armour
 b - a +0 scale mail (worn)
 c - a +0 shield
Jewellery
 m - a ring of protection from fire (left claw)
Scrolls
 k - a scroll of blinking
Potions
 d - a potion of might
 e - a potion of curing
 g - a potion of heal wounds
 h - a potion of haste
 i - 2 potions of magic
 j - a potion of berserk rage


   Skills:
 O Level 27 Fighting
 O Level 27 Axes
 O Level 27 Throwing
 O Level 27 Armour
 O Level 27 Dodging
 O Level 27 Stealth
 O Level 27 Shields
 O Level 27 Unarmed Combat
 O Level 27 Spellcasting
 O Level 27 Invocations


You had 80 spell levels left.
You didn't know any spells.

Dungeon Overview and Level Annotations

Branches:
Dungeon (1/1)

Altars:
Makhleb


Innate Abilities, Weirdness & Mutations

Your body is rotting away.
You thrive on raw meat.
You are immune to poison.
You have sharp fingernails.
You are carnivorous and can eat meat at any time.
Your flesh is cold resistant. (rC+)
You are immune to negative energy. (rN+++)
You do not regenerate when monsters are visible.
You are immune to unholy pain and torment.
You can survive without breathing.


Message History

The tyrant mumbles some strange words.
The tyrant seems to speed up.
The accursed gestures at you while chanting.
Something smites you!
You hear a shout! x3
The fleshlord points at you and mumbles some strange words.
You barely resist.
An accursed comes into view.
Unknown command.
Unknown command.
Eat a chunk of flesh? (ye/n/q)
You eat the chunk of flesh.
This raw flesh tastes great!
The accursed moves out of view.
The destroyer blinks!
You hear a shout!
The accursed points at you and mumbles some strange words.
Something smites you!
You hear a shout! x4
The fleshlord hits you with a +9 great mace!!!!!
Ouch! That really hurt!
You die...

######## ###.....L.
####........o .
####..........##.#
####..........X......
####.......Lp####LX...##
#...........#.@p).......
#......W....)#)o)§......
#......))))..#.)M.......
#.....))###...#.W.......
#.....###......#V...........
#..).#.................W....
#..).....#..................
#).)).....#........#.......#
#))).........#.....#.......#


You could see an accursed, 2 tyrants, a destroyer, 2 fleshlords, a large
abomination, 2 dreads and a bag of meat.

Vanquished Creatures
  A hell knight (D)
  12 hell beasts (D)
  9 greater mummies (D)
  2 great orbs of eyes (D)
  3 wraiths (D)
  9 vampire knights (D)
  28 ogres (D)
  5 two-headed ogres (D)
  A lich (D)
  3 hydras (D)
  90 orcs (D)
  3 phantoms (D)
  4 skeletal warriors (D)
  2 sea snakes (D)
  5 large abominations (D)
  4 small abominations (D)
  5 crawling corpses (D)
186 creatures vanquished.

Vanquished Creatures (others)
  9 crawling corpses (D)
9 creatures vanquished.

Grand Total: 195 creatures vanquished

Notes
Turn   | Place    | Note
-------+----------+-------------------------------------------
     0 | D        | Found the +∞ Axe of Woe
     0 | D        | letownia2 the Ghoul Fighter began the quest for the Orb.
     0 | D        | Reached XP level 1. HP: 19/19 MP: 0/0
     2 | D        | Noticed a bag of meat
     3 | D        | Noticed a bag of meat
     4 | D        | Noticed a bag of meat
     5 | D        | Noticed a meat berserker
     6 | D        | Noticed a bag of meat
     6 | D        | Noticed a bag of meat
     6 | D        | Noticed a bag of meat
     9 | D        | Became a worshipper of Makhleb the Destroyer
    10 | D        | Killed a bag of meat
    10 | D        | Reached XP level 2. HP: 26/26 MP: 1/1
    10 | D        | Reached XP level 3. HP: 31/31 MP: 2/2
    10 | D        | Reached XP level 4. HP: 38/38 MP: 3/3
    10 | D        | Reached XP level 5. HP: 45/45 MP: 4/4
    10 | D        | Reached XP level 6. HP: 51/51 MP: 5/5
    10 | D        | Reached XP level 7. HP: 57/57 MP: 6/6
    10 | D        | Reached XP level 8. HP: 63/63 MP: 7/7
    10 | D        | Reached XP level 9. HP: 70/70 MP: 8/8
    10 | D        | Reached XP level 10. HP: 77/77 MP: 9/9
    10 | D        | Reached XP level 11. HP: 82/82 MP: 10/10
    10 | D        | Reached XP level 12. HP: 89/89 MP: 11/11
    10 | D        | Killed a meat berserker
    10 | D        | Reached * piety under Makhleb
    10 | D        | Reached XP level 13. HP: 94/94 MP: 12/12
    10 | D        | Reached XP level 14. HP: 102/102 MP: 13/13
    11 | D        | Noticed a meat berserker
    11 | D        | Killed a bag of meat
    11 | D        | Killed a bag of meat
    11 | D        | Reached XP level 15. HP: 60/107 MP: 14/14
    14 | D        | Noticed a meat berserker
    14 | D        | Reached ** piety under Makhleb
    14 | D        | Reached skill level 15 in Fighting
    15 | D        | Killed a meat berserker
    15 | D        | Reached XP level 16. HP: 176/176 MP: 15/15
    15 | D        | Killed a meat berserker
    15 | D        | Reached skill level 27 in Fighting
    15 | D        | Reached XP level 17. HP: 191/191 MP: 16/16
    15 | D        | Reached *** piety under Makhleb
    18 | D        | Noticed a meat berserker
    19 | D        | Noticed a meat berserker
    19 | D        | Noticed a meat berserker
    20 | D        | Killed a meat berserker
    20 | D        | Reached skill level 27 in Axes
    20 | D        | Reached skill level 27 in Dodging
    20 | D        | Reached XP level 18. HP: 200/200 MP: 17/17
    20 | D        | Reached **** piety under Makhleb
    21 | D        | Killed a meat berserker
    21 | D        | Reached skill level 27 in Armour
    21 | D        | Reached skill level 5 in Shields
    21 | D        | Reached skill level 5 in Unarmed Combat
    21 | D        | Reached skill level 5 in Invocations
    21 | D        | Reached XP level 19. HP: 207/207 MP: 17/24
    23 | D        | Noticed a meat berserker
    23 | D        | Killed a meat berserker
    24 | D        | Noticed a meat berserker
    24 | D        | Noticed a large bag of meat
    25 | D        | Noticed a destroyer
    26 | D        | Noticed a meat berserker
    26 | D        | Noticed a meat berserker
    27 | D        | Noticed a meat berserker
    27 | D        | Noticed a destroyer
    28 | D        | Noticed a large bag of meat
    28 | D        | Noticed a meat berserker
    28 | D        | Killed a meat berserker
    28 | D        | Reached skill level 15 in Stealth
    28 | D        | Reached ***** piety under Makhleb
    28 | D        | Reached skill level 15 in Unarmed Combat
    28 | D        | Reached skill level 15 in Invocations
    28 | D        | Reached XP level 20. HP: 216/216 MP: 18/35
    29 | D        | Noticed a destroyer
    29 | D        | Noticed a meat berserker
    30 | D        | Killed a destroyer
    30 | D        | Reached skill level 15 in Throwing
    30 | D        | Reached skill level 15 in Shields
    30 | D        | Reached skill level 15 in Spellcasting
    31 | D        | Noticed a meat berserker
    31 | D        | Noticed a meat berserker
    31 | D        | Killed a destroyer
    31 | D        | Reached XP level 21. HP: 113/224 MP: 18/40
    31 | D        | Killed a meat berserker
    32 | D        | Noticed a meat berserker
    32 | D        | Noticed a meat berserker
    33 | D        | Reached XP level 22. HP: 221/233 MP: 19/43
    33 | D        | Reached ****** piety under Makhleb
    33 | D        | Reached skill level 27 in Stealth
    34 | D        | Killed a large bag of meat
    34 | D        | Reached XP level 23. HP: 227/240 MP: 19/47
    34 | D        | Reached skill level 27 in Unarmed Combat
    34 | D        | Reached skill level 27 in Invocations
    35 | D        | Reached skill level 27 in Throwing
    35 | D        | Reached skill level 27 in Shields
    35 | D        | Reached XP level 24. HP: 244/249 MP: 19/52
    35 | D        | Reached skill level 27 in Spellcasting
    37 | D        | Noticed a large bag of meat
    38 | D        | Reached XP level 25. HP: 257/257 MP: 20/53
    40 | D        | Reached XP level 26. HP: 266/266 MP: 21/53
    47 | D        | Noticed a destroyer
    48 | D        | Noticed a destroyer
    48 | D        | Noticed an accursed
    49 | D        | Noticed a destroyer
    50 | D        | Reached XP level 27. HP: 273/273 MP: 24/53
    51 | D        | Noticed a large bag of meat
    52 | D        | Noticed a large bag of meat
    53 | D        | Killed a destroyer
    56 | D        | Noticed a destroyer
    57 | D        | Killed a large bag of meat
    57 | D        | HP: 11/273 [large bag of meat/exploding inner flame (27)]
    57 | D        | Killed a destroyer
    57 | D        | Killed a destroyer
    58 | D        | Killed a destroyer
    63 | D        | Noticed a dread
    64 | D        | Killed a large bag of meat
    65 | D        | Noticed a destroyer
    65 | D        | Killed an accursed
    66 | D        | Killed a large bag of meat
    67 | D        | Killed a destroyer
    68 | D        | Noticed an accursed
    68 | D        | Noticed a meat beast
    69 | D        | Noticed a destroyer
    71 | D        | Noticed a meat beast
    71 | D        | Noticed a meat beast
    71 | D        | Noticed a dread
    72 | D        | Killed a destroyer
    73 | D        | Killed a meat beast
    75 | D        | Killed a destroyer
    79 | D        | Noticed an accursed
    79 | D        | Noticed a meat beast
    80 | D        | Killed an accursed
    80 | D        | Killed a dread
    80 | D        | Killed a meat beast
    81 | D        | Killed a meat beast
    83 | D        | Noticed a meat beast
    83 | D        | Killed a meat beast
    85 | D        | Noticed a meat beast
    87 | D        | Noticed a tyrant
    87 | D        | Killed a meat beast
    88 | D        | Noticed a dread
    88 | D        | Killed a meat beast
    91 | D        | Noticed a meat beast
    92 | D        | Noticed a meat beast
    93 | D        | Noticed an accursed
    94 | D        | Killed a meat beast
    94 | D        | Killed a dread
    95 | D        | Killed a tyrant
    96 | D        | Killed a meat beast
    98 | D        | Noticed a meat beast
    99 | D        | Killed a meat beast
   100 | D        | Noticed an accursed
   100 | D        | Noticed an accursed
   101 | D        | Noticed an accursed
   102 | D        | Killed an accursed
   102 | D        | Lost intelligence.
   104 | D        | Noticed an accursed
   105 | D        | Killed an accursed
   106 | D        | Killed an accursed
   108 | D        | Killed a large bag of meat
   109 | D        | Killed an accursed
   112 | D        | Noticed a meat beast
   113 | D        | Noticed an accursed
   113 | D        | Noticed an accursed
   113 | D        | Noticed a destroyer
   113 | D        | Killed an accursed
   113 | D        | Noticed a meat beast
   113 | D        | Noticed a meat beast
   116 | D        | Noticed a dread
   116 | D        | Noticed a tyrant
   116 | D        | Killed a meat beast
   116 | D        | Killed a meat beast
   118 | D        | Noticed a fleshlord
   118 | D        | Noticed a fleshlord
   118 | D        | Killed an accursed
   118 | D        | Killed a meat beast
   118 | D        | Killed a fleshlord
   120 | D        | Noticed a tyrant
   121 | D        | Killed an accursed
   123 | D        | Killed a dread
   124 | D        | Noticed an accursed
   124 | D        | Annihilated by a fleshlord

Skill      XL: |  1  2  3  4  5  6  7  8  9 10 11 12 13 14 15 16 17 18 19 20 21 22 23 24 |
---------------+-------------------------------------------------------------------------+-----
Axes           | 18 22 24 25 27 | 27.0
Dodging        | 18 22 24 25 27 | 27.0
Fighting       | 24 27 | 27.0
Armour         | 11 18 27 | 27.0
Throwing       | 4 13 18 19 23 27 | 27.0
Stealth        | 6 16 22 24 27 | 27.0
Shields        | 5 13 18 19 23 27 | 27.0
Unarmed Combat | 5 15 20 22 26 27 | 27.0
Spellcasting   | 4 12 16 18 21 26 27 | 27.0
Invocations    | 5 15 20 22 26 27 | 27.0

Action                   |  1- 3 |  4- 6 |  7- 9 | 10-12 | 13-15 | 16-18 | 19-21 | 22-24 | 25-27 || total
-------------------------+-------+-------+-------+-------+-------+-------+-------+-------+-------++-------
Melee: Executioner's axe |     1 |       |       |       |     3 |     2 |     5 |     4 |    52 ||    67
  Eat: Chunk             |       |       |       |       |       |       |       |       |     2 ||     2
       Ration            |       |       |       |       |       |       |       |       |     1 ||     1
Armor: Scale mail        |       |       |       |       |       |       |     2 |       |    10 ||    12
Dodge: Dodged            |       |       |       |       |       |       |     1 |       |    16 ||    17
